 Dungeon Crawl Stone Soup version 0.21-a0-91-ga5031da (webtiles) character file.

4202 Ordine the Basher (level 10, 0/56 HPs)
             Began as a Gargoyle Fighter on June 30, 2017.
             Was a Priest of Okawaru.
             Slain by Ordine's ghost (5 damage)
             ... on level 8 of the Dungeon.
             The game lasted 00:23:13 (7441 turns).

Ordine the Basher (Gargoyle Fighter)                Turns: 7441, Time: 00:23:13

Health: 0/56       AC: 11    Str: 20    XL:     10   Next: 29%
Magic:  10/10      EV: 11    Int: 10    God:    Okawaru [***...]
Gold:   175        SH:  5    Dex: 16    Spells: 9/9 levels left

rFire    . . .     SeeInvis .   u - +2 flail (crush)
rCold    . . .     Gourm    .   s - +0 buckler
rNeg     + . .     Faith    +   a - +0 troll leather armour {Purgy}
rPois    ∞         Spirit   .   (no helmet)
rElec    +         Reflect  .   (no cloak)
rCorr    .         Harm     .   (no gloves)
MR       .....                  (no boots)
Stlth    +.........             n - amulet of faith
HPRegen  0.58/turn              e - +5 ring of dexterity
MPRegen  0.12/turn              r - ring of wizardry

@: no status effects
A: negative energy resistance 1, electricity resistance, unbreathing,
petrification resistance, rot immunity, AC +7
a: Heroism, Renounce Religion


You were on level 8 of the Dungeon.
You worshipped Okawaru.
Okawaru was most pleased with you.
You were not hungry.

You visited 2 branches of the dungeon, and saw 9 of its levels.

You collected 305 gold pieces.
You spent 130 gold pieces at shops.

Inventory:

Hand Weapons
 u - a +2 flail of crushing (weapon)
 E - a +0 flail of protection
Armour
 a - a +0 troll leather armour (worn) {Purgy}
 c - a +0 shield
 s - a +0 buckler (worn)
Jewellery
 e - a +5 ring of dexterity (left hand)
 n - an amulet of faith (around neck)
 r - a ring of wizardry (right hand)
 B - an uncursed ring of ice
Wands
 j - a wand of flame (24/48)
 l - a wand of iceblast (4/15)
 y - a wand of polymorph (8/24)
Scrolls
 b - a scroll of teleportation
 g - a scroll of remove curse
 q - a scroll of immolation
 t - 2 scrolls of enchant armour
 v - a scroll of identify
 x - a scroll of fear
Potions
 d - a potion of might
 h - 6 potions of curing
 m - 2 potions of resistance
 o - 2 potions of agility
 p - a potion of haste
 w - 2 potions of heal wounds
 z - a potion of ambrosia
 A - a potion of flight {unknown}
 C - a potion of brilliance {unknown}
Books
 F - a book of Minor Magic

   Spells                             Type                      Level
   a - Magic Dart                     Conjuration                  1
   b - Blink                          Translocation                2
   c - Call Imp                       Summoning                    2
   d - Slow                           Hexes                        2
   e - Conjure Flame                  Conjuration/Fire             3
   f - Mephitic Cloud                 Conjuration/Poison/Air       3
Comestibles
 f - 7 bread rations
 i - 6 royal jellies
 k - 5 meat rations
 D - 12 chunks of flesh


   Skills:
 + Level 3.3 Fighting
 - Level 14.0 Maces & Flails
 + Level 3.3 Armour
 + Level 0.1 Dodging
 + Level 3.4 Shields
 * Level 1.0 Invocations


You had 9 spell levels left.
You didn't know any spells.

Dungeon Overview and Level Annotations

Branches:
Dungeon (8/15)             Temple (1/1) D:5
   Lair: D:8-11

Altars:
Ashenzari
Cheibriados
Dithmenos
Elyvilon
Fedhas
Gozag
Hepliaklqana
Kikubaaqudgha
Nemelex Xobeh
Okawaru
Qazlal
Ru
Sif Muna
Trog
Uskayaw
Vehumet
Wu Jian
Xom
Yredelemnul
The Shining One

Shops:
D:4 ?

Annotations:
D:8 Ordine's ghost, novice OpFi


Innate Abilities, Weirdness & Mutations

You are resistant to torment.
Your stone body is resilient. (AC +7)
You are immune to poison.
You resist negative energy. (rN+)
You are resistant to electric shocks. (rElec)
You can survive without breathing.
You are immune to petrification.
You are immune to rotting.


Message History

You miss Ordine's ghost.
Ordine's ghost is severely damaged.
Ordine's ghost screams, "Zot is a myth, the ORB is a fable, you'll soon be a tale!"
Ordine's ghost hits you! Ordine's ghost burns you.
You are too injured to fight recklessly!
You are too injured to fight recklessly!
You are too injured to fight recklessly!
You are too injured to fight recklessly!
You are too injured to fight recklessly!
You sock Ordine's ghost!
Ordine's ghost is almost destroyed.
You miss Ordine's ghost.
Ordine's ghost is almost destroyed.
You block Ordine's ghost's attack.
You hit Ordine's ghost.
Ordine's ghost is almost destroyed.
Ordine's ghost hits you!
* * * LOW HITPOINT WARNING * * *
Ordine's ghost burns you.
You die...

#
##########.#.#
######
#............#
.....#
#.####........
####.## #.#
#@###.###
......# #.#
#W......#
####..#####.#
#..##.#.#
............#
#..#
####.########
#..# ### #...
##.. #..


You could see Ordine's ghost.

Vanquished Creatures
  Pikel (D:5)
  Grinder (D:6)
  A yak (D:7)
  Eustachio (D:4)
  A human (D:7)
  3 hogs (D:7)
  Edmund (D:6)
  Purgy (D:4)
  An ice beast (D:7)
  2 sky beasts
  2 orc warriors
  2 ogres
  2 phantoms
  A black bear (D:8)
  A centaur (D:7)
  Blork the orc (D:6)
  4 bullfrogs
  3 scorpions
  A howler monkey (D:7)
  A quasit (D:5)
  2 orc priests (D:3)
  5 hounds
  A jelly (D:6)
  2 bullfrog skeletons
  A gnoll shaman (D:7)
  2 centaur skeletons
  8 orc wizards
  Ijyb (D:4)
  An iguana (D:5)
  A killer bee zombie (D:5)
  A howler monkey zombie (D:5)
  A worker ant zombie (D:7)
  13 gnolls
  6 adders
  A white imp (D:4)
  2 oozes (D:3)
  3 adder skeletons
  4 worms
  2 dart slugs
  8 leopard geckos
  47 orcs
  A giant cockroach (D:2)
  8 goblins
  10 hobgoblins
  12 jackals
  12 kobolds
  5 quokkas
  12 bats
  6 frilled lizards
  A goblin skeleton (D:4)
  4 hobgoblin zombies (D:4)
  A jackal skeleton (D:4)
  A kobold zombie (D:4)
  2 leopard gecko skeletons
  An orc zombie (D:4)
  10 rats
229 creatures vanquished.

Vanquished Creatures (others)
  2 slaves (D:6)
  An ooze (D:6)
3 creatures vanquished.

Grand Total: 232 creatures vanquished

Notes
Turn   | Place    | Note
-------+----------+-------------------------------------------
     0 | D:1      | Ordine the Gargoyle Fighter began the quest for the Orb.
     0 | D:1      | Reached XP level 1. HP: 14/14 MP: 1/1
   248 | D:1      | Reached XP level 2. HP: 14/19 MP: 2/2
   482 | D:1      | Reached skill level 3 in Maces & Flails
  1015 | D:1      | Reached XP level 3. HP: 23/23 MP: 3/3
  1257 | D:2      | Reached skill level 4 in Maces & Flails
  1525 | D:2      | Reached XP level 4. HP: 28/28 MP: 4/4
  1528 | D:2      | Found a blossoming altar of Fedhas.
  2074 | D:3      | Reached skill level 5 in Maces & Flails
  2074 | D:3      | Reached XP level 5. HP: 11/32 MP: 5/5
  2576 | D:3      | Noticed a sky beast
  2591 | D:3      | Killed a sky beast
  2591 | D:3      | Reached skill level 6 in Maces & Flails
  2591 | D:3      | Reached XP level 6. HP: 15/37 MP: 6/6
  3614 | D:4      | Found a glowing golden altar of the Shining One.
  3767 | D:4      | Reached skill level 7 in Maces & Flails
  3804 | D:4      | Reached XP level 7. HP: 28/41 MP: 7/7
  3914 | D:4      | Found a sacrificial altar of Ru.
  3952 | D:4      | Found a basalt altar of Yredelemnul.
  3953 | D:4      | Found a shattered altar of Ashenzari.
  4019 | D:4      | Noticed Purgy
  4037 | D:4      | Killed Purgy
  4037 | D:4      | Reached skill level 8 in Maces & Flails
  4220 | D:4      | Noticed Ijyb
  4221 | D:4      | Noticed Eustachio
  4243 | D:4      | Killed Ijyb
  4251 | D:4      | Killed Eustachio
  4413 | D:4      | Found Wigin's Magic Scroll Shop.
  4418 | D:4      | Bought a scroll of immolation for 35 gold pieces
  4418 | D:4      | Bought a scroll of enchant armour for 75 gold pieces
  4418 | D:4      | Bought a scroll of identify for 20 gold pieces
  4447 | D:5      | Entered Level 5 of the Dungeon
  4480 | D:5      | Reached skill level 9 in Maces & Flails
  4480 | D:5      | Reached XP level 8. HP: 31/46 MP: 8/8
  4764 | D:5      | Reached skill level 10 in Maces & Flails
  4986 | D:5      | Found a staircase to the Ecumenical Temple.
  4994 | Temple   | Entered the Ecumenical Temple
  5014 | Temple   | Became a worshipper of Warmaster Okawaru
  5327 | D:6      | Noticed Pikel
  5355 | D:5      | Killed Pikel
  5355 | D:5      | Reached * piety under Okawaru
  5355 | D:5      | Reached skill level 11 in Maces & Flails
  5355 | D:5      | Reached XP level 9. HP: 44/51 MP: 9/9
  5677 | D:6      | Noticed Edmund
  5694 | D:6      | Killed Edmund
  5694 | D:6      | Reached skill level 12 in Maces & Flails
  5784 | D:6      | Noticed Grinder
  5792 | D:6      | Paralysed by Grinder for 7 turns
  5802 | D:6      | Killed Grinder
  5802 | D:6      | Reached ** piety under Okawaru
  5815 | D:6      | Noticed Blork the orc
  5832 | D:6      | Killed Blork the orc
  6033 | D:6      | Found a snail-covered altar of Cheibriados.
  6033 | D:6      | Found a shadowy altar of Dithmenos.
  6663 | D:7      | Reached skill level 13 in Maces & Flails
  6667 | D:7      | Reached *** piety under Okawaru
  6678 | D:7      | Reached XP level 10. HP: 24/56 MP: 10/10
  7349 | D:8      | Reached skill level 14 in Maces & Flails
  7374 | D:8      | Reached skill level 1 in Invocations
  7424 | D:8      | Noticed Ordine's ghost (novice OpFi)
  7441 | D:8      | Slain by Ordine's ghost

Vault maps used:
D:1:      minmay_arrival_doors, st_stairs_4
D:2:      fedhas_altar_1
D:3:      corexii_shack_village
D:4:      minitemple, serial_shops, kennysheep_little_box, first_bread,
          nicolae_tso_besieged_by_evil, uniq_eustachio, uniq_ijyb, uniq_purgy
D:5:      minmay_temple_entry_glassed_door
D:6:      gammafunk_temple_overflow_elements, st_stairs_7, fountainhead,
          minivault_19, minmay_holes, grunt_ministairs_15, uniq_edmund,
          uniq_grinder, uniq_blork_the_orc, uniq_pikel
D:7:      grunt_livestock
D:8:      grunt_temple_overflow_order_and_chaos_2, lair_entry_dummy,
          kennysheep_big_empty_room
Temple:   dshaligram_water_room_temple

Skill      XL: |  1  2  3  4  5  6  7  8  9 10 |
---------------+-------------------------------+-----
Maces & Flails | 3 4 5 6 7 9 11 13 14 | 14.0
Invocations    | 1 |  1.0
Fighting       | |  3.3
Armour         | |  3.3
Dodging        | |  0.1
Shields        | |  3.4

Action                   |  1- 3 |  4- 6 |  7- 9 | 10-12 || total
-------------------------+-------+-------+-------+-------++-------
Melee: Flail             |   132 |   240 |    70 |   174 ||   616
       Mace              |       |    83 |   355 |       ||   438
  Use: Scroll            |     3 |     2 |     6 |       ||    11
       Potion            |       |     2 |     2 |       ||     4
 Stab: Distracted        |       |       |     1 |       ||     1
       Sleeping          |       |       |     1 |     1 ||     2
  Eat: Chunk             |     2 |     8 |    10 |     3 ||    23
Armor: Scale mail        |    74 |    58 |       |       ||   132
       Ring mail         |       |   120 |    28 |       ||   148
       Skin              |       |     5 |       |       ||     5
       Troll leather arm |       |       |   138 |    56 ||   194
Dodge: Dodged            |    48 |   116 |   132 |    61 ||   357
Block: Shield            |    63 |   180 |    64 |       ||   307
       Buckler           |       |       |    42 |    34 ||    76
